 Dungeon Crawl Stone Soup version 0.29.0 (webtiles) character file.

Game seed: 16952868634657703874

91 Dorkslayer the Chopper (level 4, 0/60 HPs)
             Began as a Hill Orc Fighter on Sept 17, 2022.
             Slain by a kobold
             ... wielding a +0 dagger
              (2 damage)
             ... on level 3 of the Dungeon.
             The game lasted 00:03:22 (1983 turns).

Dorkslayer the Chopper (Hill Orc Fighter)           Turns: 1983, Time: 00:03:22

Health: 0/60       AC: 22    Str: 20    XL:     4   Next: 59%
Magic:  4/4        EV:  2    Int:  8    God:
Gold:   119        SH:  4    Dex: 10    Spells: 3/3 levels left

rFire   . . .      SeeInvis .   a - +0 war axe
rCold   . . .      Faith    .   c - +0 buckler
rNeg    . . .      Spirit   .   (body armour currently unavailable)
rPois   +          Reflect  .   (helmet currently unavailable)
rElec   .          Harm     .   (cloak currently unavailable)
rCorr   .          Rampage  .   (gloves currently unavailable)
Will    +....      NoTele   +   (boots currently unavailable)
Stlth   +.........              (no amulet)
HPRegen 0.20/turn               k - ring of willpower
MPRegen 0.09/turn               (no ring)

@: mighty, brilliant, tree-form (expiring)
A: stationary, stasis, torment immunity, boosted hp
a: no special abilities


You were on level 3 of the Dungeon.
You were a tree.
You visited 1 branch of the dungeon, and saw 3 of its levels.

You collected 119 gold pieces.

Inventory:

Hand Weapons
 a - a +0 war axe (weapon)
Armour
 b - a +0 scale mail (melded)
 c - a +0 buckler (worn)
 i - a +0 pair of boots (melded)
Jewellery
 k - a ring of willpower (left branch)
Scrolls
 e - 2 scrolls of poison {unknown}
 f - a scroll of enchant armour {unknown}
 g - 2 scrolls of identify {unknown}
 h - 2 scrolls of teleportation {unknown}
Potions
 d - a potion of might


   Skills:
 + Level 4.0 Fighting
 + Level 4.4 Axes
 + Level 4.0 Armour
 + Level 0.4 Dodging
 + Level 0.3 Stealth
 + Level 3.6 Shields


You had 3 spell levels left.
You didn't know any spells.
Your spell library contained the following spells:

 Spells                   Type           Power      Damage    Failure   Level
 Sandblast                Erth           0%         2d4       50%         1
 Passwall                 Tmut/Erth      0%         N/A       65%         2
 Sublimation of Blood     Necr           0%         N/A       65%         2
 Gell's Gravitas          Tloc           0%         N/A       86%         3
 Lesser Beckoning         Tloc           0%         N/A       86%         3
 Stone Arrow              Conj/Erth      0%         3d7       86%         3
 Teleport Other           Tloc           0%         N/A       86%         3
 Petrify                  Tmut/Erth      0%         N/A       99%         4
 Irradiate                Conj/Tmut      0%         3d11      100%        5


Dungeon Overview and Level Annotations

Branches:
Dungeon (3/15)

Altars:


Message History

The black bear claws you but does no damage.
The worm bites you.
* * * LOW HITPOINT WARNING * * *
Unknown command.
Okay, then.
You hit the black bear.
The black bear is lightly wounded.
You slash the worm!
You kill the worm!
The black bear bites you but does no damage.
The black bear claws you but does no damage. x2
Unknown command.
You slash the black bear!
The black bear is moderately wounded.
You slash the worm!
Your transformation is almost over.
The black bear bites you but does no damage.
The black bear claws you but does no damage. x2
The worm bites you but does no damage.
The black bear bites you but does no damage.
The black bear completely misses you.
The black bear claws you but does no damage.
You slash the black bear!
The black bear is almost dead.
You slash the worm! You closely miss the kobold.
The black bear bites you but does no damage.
The black bear claws you but does no damage.
You block the black bear's attack. The kobold hits you but does no damage.
The worm bites you.
* * * LOW HITPOINT WARNING * * *
You hit the worm.
You kill the worm!
You barely miss the black bear. You barely miss the kobold.
The black bear goes berserk!
The kobold barely misses you.
Unknown command.
You slash the black bear!
You kill the black bear!
You closely miss the kobold. The kobold hits you but does no damage.
The kobold hits you with a +0 dagger.
You die...

##############
#............#
#............+
#.?.$......K♣#
#..........†.#
#............#
#.#............#
##.#.......####...#
...........# ..$..#
###.#.......# .^.....#
....####'##.#.^.......#
......##.##.#.^^..[^..#


You could see a kobold.

Vanquished Creatures
  A black bear (D:3)
  4 adders (D:2)
  5 worms
  A dart slug (D:2)
  A ball python (D:2)
  2 bats
  6 endoplasms
  3 giant cockroaches
  3 goblins (D:1)
  2 hobgoblins
  2 quokkas (D:1)
  2 frilled lizards (D:1)
  4 kobolds
  3 rats (D:1)
39 creatures vanquished.

Notes
Turn   | Place    | Note
-------+----------+-------------------------------------------
     0 | D:1      | Dorkslayer the Hill Orc Fighter began the quest for the
                  | Orb.
     0 | D:1      | Reached XP level 1. HP: 19/19 MP: 1/1
   264 | D:1      | Reached XP level 2. HP: 27/27 MP: 2/2
   780 | D:1      | Reached XP level 3. HP: 33/33 MP: 3/3
  1419 | D:2      | Reached XP level 4. HP: 40/40 MP: 4/4
  1434 | D:2      | Identified the +4 robe of Mitheem {Fly Will+ Regen+}
  1533 | D:2      | Found a faded altar of an unknown god.
  1954 | D:3      | Noticed a black bear
  1976 | D:3      | HP: 3/60 [black bear (1)]
  1981 | D:3      | HP: 1/60 [worm (1)]
  1983 | D:3      | Killed a black bear
  1983 | D:3      | Slain by a kobold

Illustrated notes

Levels and vault maps discovered:
D:1:      amcnicky_arrival_underground_garden, layout_loops_corners
D:2:      layout_loops_corners, shapermc_ecumenical_altar_starsandcircs
D:3:      layout_basic, nicolae_wormholes

Skill      XL: |  1  2  3  4 |
---------------+-------------+-----
Axes           | 3 4 |  4.4
Fighting       | 4 |  4.0
Armour         | 4 |  4.0
Dodging        | |  0.4
Stealth        | |  0.3
Shields        | |  3.6

Action                   |  1- 3 |  4- 6 || total
-------------------------+-------+-------++-------
Melee: War axe           |    95 |    23 ||   118
  Use: Potion            |       |     3 ||     3
Armor: Scale mail        |    47 |    22 ||    69
       Skin              |       |    24 ||    24
Dodge: Dodged            |    40 |    19 ||    59
Block: Buckler           |    23 |    11 ||    34
